 Dungeon Crawl Stone Soup version 0.21.0 (webtiles) character file.

345 Leibowitz the Cutter (level 6, -1/37 HPs)
             Began as a Kobold Gladiator on Jan 7, 2018.
             Slain by an orc wizard
             ... wielding a cursed +0 dagger
              (3 damage)
             ... on level 4 of the Dungeon.
             The game lasted 00:06:05 (2706 turns).

Leibowitz the Cutter (Kobold Gladiator)             Turns: 2706, Time: 00:06:05

Health: -1/37      AC:  4    Str: 11    XL:     6   Next: 90%
Magic:  6/6        EV: 17    Int: 10    God:
Gold:   136        SH:  0    Dex: 18    Spells: 5/5 levels left

rFire    . . .     SeeInvis .   a - +0 rapier
rCold    . . .     Gourm    .   (shield restricted)
rNeg     . . .     Faith    .   b - +0 leather armour
rPois    .         Spirit   .   c - +0 helmet
rElec    .         Reflect  .   (no cloak)
rCorr    .         Harm     .   (no gloves)
MR       .....                  (no boots)
Stlth    ++++......             q - amulet of rage
HPRegen  0.12/turn              n - ring of stealth
MPRegen  0.10/turn              o - ring of wizardry

@: berserk cooldown, slowed, very slow
A: small, carnivore
a: Evoke Berserk Rage


You were on level 4 of the Dungeon.
You were full.

You visited 1 branch of the dungeon, and saw 4 of its levels.

You collected 136 gold pieces.

Inventory:

Hand Weapons
 a - a +0 rapier (weapon)
Missiles
 d - a throwing net (quivered)
Armour
 b - a +0 leather armour (worn)
 c - a +0 helmet (worn)
Jewellery
 n - a ring of stealth (left hand)
 o - a ring of wizardry (right hand)
 q - an amulet of rage (around neck)
Scrolls
 e - 3 scrolls of identify {unknown}
 g - a scroll of random uselessness {unknown}
 l - 2 scrolls of enchant armour {unknown}
 p - a scroll of amnesia {unknown}
 r - a scroll of teleportation {unknown}
 t - a scroll of remove curse {unknown}
Potions
 h - 2 potions of mutation {unknown}
 i - a potion of cancellation {unknown}
 j - a potion of heal wounds {unknown}
 k - a potion of ambrosia {unknown}
 m - a potion of might {unknown}
 s - a potion of resistance {unknown}
Comestibles
 f - 4 rations


   Skills:
 + Level 3.1 Fighting
 + Level 6.3 Short Blades
 - Level 2.1 Throwing
 + Level 1.7 Armour
 + Level 4.5 Dodging
 * Level 4.6 Stealth
 + Level 0.4 Evocations


You had 5 spell levels left.
You didn't know any spells.

Dungeon Overview and Level Annotations

Branches:
Dungeon (4/15)
 Temple: D:4-7

Altars:
Qazlal

Annotations:
D:2 Sigmund


Innate Abilities, Weirdness & Mutations

You are small and have problems with some larger weapons.
You are carnivorous and can eat meat at any time.


Message History

* * * LOW HITPOINT WARNING * * *
You aren't carrying any items that you can evoke.
Throwing (i - inventory):
d - 2 throwing nets (quivered)
Press: ? - help, Shift-Dir - straight line You throw a throwing net.
You hear some strange, mumbled words.
You are confused.
Something hits you but does no damage.
Throwing (i - inventory):
d - a throwing net (quivered)
Press: ? - help, Shift-Dir - straight line, f - you
Okay, then.
You miss something. Something hits you but does no damage.
You closely miss something. Something closely misses you.
You bump into the rock wall.
Something completely misses you. Something hits you but does no damage.
You bump into the rock wall.
Something hits you but does no damage.
You bump into the rock wall.
You feel less confused. Something hits you.
You die...

..#.#........#.>.^..#
#......##.#.#..###.#
###....).##.#.#..# .#
.............)#..# #
#.......##.#....#
#.#+#'#.##.#.##.#
#.#.##.#....#
#.#'##+#.#......
#@.......#.#####
#{)[....## #
+...(.........
##.##......... ...
#......... ..##
.......... .
#......... #........
#.......#


There were no monsters in sight!

Vanquished Creatures
  The ghost of mopl the Slasher, an amateur TeSk of the Shining One (D:4)
  A bullfrog (D:3)
  An orc priest (D:4)
  A centaur skeleton (D:4)
  2 adders
  A worm (D:1)
  A dart slug (D:1)
  A leopard gecko (D:1)
  2 orcs (D:4)
  7 goblins
  3 hobgoblins
  A ball python (D:4)
  7 bats
  5 frilled lizards
  3 kobolds
  6 rats
43 creatures vanquished.

Vanquished Creatures (others)
  An orc (D:4)
1 creature vanquished.

Grand Total: 44 creatures vanquished

Notes
Turn   | Place    | Note
-------+----------+-------------------------------------------
     0 | D:1      | Leibowitz the Kobold Gladiator began the quest for the Orb.
     0 | D:1      | Reached XP level 1. HP: 12/12 MP: 1/1
   411 | D:1      | Reached XP level 2. HP: 17/17 MP: 2/2
  1188 | D:1      | Reached XP level 3. HP: 22/22 MP: 3/3
  1444 | D:1      | Reached skill level 1 in Stealth
  1639 | D:2      | Noticed Sigmund
  1755 | D:3      | Found a stormy altar of Qazlal.
  1852 | D:3      | Reached skill level 5 in Short Blades
  1852 | D:3      | Reached XP level 4. HP: 24/27 MP: 4/4
  2166 | D:3      | Noticed a bullfrog
  2177 | D:3      | Killed a bullfrog
  2177 | D:3      | Reached XP level 5. HP: 25/31 MP: 5/5
  2382 | D:4      | Reached skill level 1 in Armour
  2443 | D:4      | Noticed mopl's ghost (amateur TeSk)
  2462 | D:4      | Killed mopl's ghost
  2462 | D:4      | Reached skill level 6 in Short Blades
  2462 | D:4      | Reached XP level 6. HP: 19/37 MP: 6/6
  2700 | D:4      | HP: 1/37 [something/magic dart (4)]
  2706 | D:4      | Slain by an orc wizard

Skill      XL: |  1  2  3  4  5 |
---------------+----------------+-----
Dodging        | 4 |  4.5
Stealth        | 1 2 4 |  4.6
Short Blades   | 5 6 |  6.3
Armour         | 1 |  1.7
Fighting       | 3 |  3.1
Throwing       | |  2.1
Evocations     | |  0.4

Action                   |  1- 3 |  4- 6 || total
-------------------------+-------+-------++-------
Melee: Rapier            |   104 |    45 ||   149
Throw: Throwing net      |       |     2 ||     2
 Abil: Evoke Berserk Rag |       |     2 ||     2
 Stab: Sleeping          |     4 |     3 ||     7
  Eat: Chunk             |    11 |     2 ||    13
Armor: Leather armour    |    17 |     8 ||    25
Dodge: Dodged            |    85 |    24 ||   109
